 Dungeon Crawl Stone Soup version 0.27.0-1-g7a089689b8 (webtiles) character file.

Game seed: 868784558852368386

79 ZombieSheep the Chopper (level 4, 0/40 HPs)
             Began as a Hill Orc Fighter on Aug 1, 2021.
             Slain by a gnoll (2 damage)
             ... on level 4 of the Dungeon.
             The game lasted 00:03:08 (2059 turns).

ZombieSheep the Chopper (Hill Orc Fighter)          Turns: 2059, Time: 00:03:08

Health: 0/40       AC: 13    Str: 18    XL:     4   Next: 37%
Magic:  4/4        EV:  9    Int:  8    God:
Gold:   79         SH:  0    Dex: 11    Spells: 3/3 levels left

rFire    . . .     SeeInvis +   a - +0 war axe
rCold    . . .     Faith    .   (no shield)
rNeg     . . .     Spirit   .   b - +0 scale mail
rPois    .         Reflect  .   f - +2 helmet {SInv}
rElec    .         Harm     .   (no cloak)
rCorr    .         Rampage  .   (no gloves)
Will     .....                  e - +2 pair of boots {Stlth+}
Stlth    +.........             (no amulet)
HPRegen  0.13/turn              (no ring)
MPRegen  0.09/turn              (no ring)

@: no status effects
A: no striking features
a: no special abilities


You were on level 4 of the Dungeon.
You visited 1 branch of the dungeon, and saw 4 of its levels.

You collected 79 gold pieces.

Inventory:

Hand Weapons
 a - a +0 war axe (weapon)
Armour
 b - a +0 scale mail (worn)
 c - a +0 ring mail of poison resistance
 e - a +2 pair of boots of stealth (worn)
 f - a +2 helmet of see invisible (worn)
Potions
 d - a potion of might
 g - a potion of curing {unknown}


   Skills:
 + Level 4.2 Fighting
 * Level 4.4 Axes
 + Level 3.8 Armour
 + Level 1.1 Dodging
 - Level 3.2 Shields


You had 3 spell levels left.
You didn't know any spells.
Your spell library was empty.

Dungeon Overview and Level Annotations

Branches:
Dungeon (3/15)

Altars:

Shops:
D:2 ?:[(


Message History

A gnoll comes into view. It is wielding a +0 flail.
The gnoll shouts!
A gnoll comes into view. It is wielding a +4 whip.
The gnoll shouts!
You hear a shout! x2; You hear a bark!
You hear a shout!
Found 9 gold pieces and a spear.
Found a stone staircase leading up.
A gnoll and a skeleton come into view.
A gnoll comes into view. It is wielding a +0 club.
A gnoll comes into view.
It is wielding a +1 halberd of freezing.
The gnoll hits you with a +0 flail. The gnoll hits you but does no damage.
The gnoll hits you but does no damage.
You hit the gnoll.
The gnoll is moderately wounded.
The gnoll closely misses you. The gnoll hits you with a +0 flail.
The gnoll hits you with a +4 whip.
You closely miss the gnoll.
The gnoll is lightly wounded.
You hit the gnoll. The gnoll hits you but does no damage.
You slash the gnoll!
The gnoll is almost dead.
You hit the gnoll. The gnoll closely misses you.
The gnoll hits you but does no damage.
You hit the gnoll.
You kill the gnoll!
You hit the gnoll. You slash the gnoll! The gnoll closely misses you.
The gnoll hits you from afar with a +1 halberd of freezing.
The gnoll freezes you. The gnoll hits you with a +0 flail!
Unknown command.
You hit the gnoll.
You kill the gnoll!
You barely miss the gnoll. You slash the howler monkey skeleton!
The gnoll closely misses you. The gnoll hits you with a +0 flail!
* * * LOW HITPOINT WARNING * * *
The howler monkey skeleton hits you but does no damage.
The gnoll hits you from afar with a +1 halberd of freezing!
* * * LOW HITPOINT WARNING * * *
The gnoll freezes you.
* * * LOW HITPOINT WARNING * * *
The gnoll hits you with a +0 flail.
You die...

.... ... .....
... ...). #.#
.Z.... #.#
#....###.#
#........#####
#......#.gg..#
###<.....###)#
###....gZ@g#
#..#..####
#..#..#
##....# ######


You could see 2 gnolls and a howler monkey skeleton.

Vanquished Creatures
  2 gnolls (D:4)
  3 dart slugs
  3 ball pythons
  5 bats (D:1)
  5 endoplasms
  3 giant cockroaches
  5 goblins (D:1)
  7 hobgoblins
  9 jackals
  3 kobolds
  6 frilled lizards
  5 rats
56 creatures vanquished.

Vanquished Creatures (others)
  A withered plant (D:1)
1 creature vanquished.

Grand Total: 57 creatures vanquished

Notes
Turn   | Place    | Note
-------+----------+-------------------------------------------
     0 | D:1      | ZombieSheep the Hill Orc Fighter began the quest for the
                  | Orb.
     0 | D:1      | Reached XP level 1. HP: 19/19 MP: 1/1
   147 | D:1      | Reached XP level 2. HP: 27/27 MP: 2/2
   304 | D:1      | Reached XP level 3. HP: 33/33 MP: 3/3
   520 | D:1      | Found a faded altar of an unknown god.
  1062 | D:2      | Reached skill level 1 in Dodging
  1145 | D:2      | Found Dyirgh's Magic Scroll Shop.
  1155 | D:2      | Found Ijaky's Book Shoppe.
  1194 | D:2      | Reached XP level 4. HP: 35/40 MP: 4/4
  1485 | D:2      | Found Wamnacwo's Antique Armour Emporium.
  1950 | D:2      | Found Iriolem's Antique Weapon Emporium.
  2043 | D:3      | You fall into a shaft and drop 1 floor!
  2059 | D:4      | HP: 2/40 [gnoll (3)]
  2059 | D:4      | Slain by a gnoll

Illustrated notes

Levels and vault maps discovered:
D:1:      scummos_arrival_forest, layout_basic,
          ebering_ecumenical_altar_petrified, fountainhead
D:2:      layout_basic, serial_shops, nicolae_shop_trees,
          nicolae_shop_behind_doors, nicolae_shop_statue_plus, shop_statue
D:3:      layout_basic, mainiacjoe_overflow_paths, uniq_grinder
D:4:      layout_basic, dancing_weapons_uskayaw, portal_sewer_entry_e,
          gammafunk_ghost_grave, uniq_eustachio

Skill      XL: |  1  2  3 |
---------------+----------+-----
Axes           | 3 4 |  4.4
Fighting       | 4 |  4.2
Dodging        | 1 |  1.1
Armour         | |  3.8
Shields        | |  3.2

Action                   |  1- 3 |  4- 6 || total
-------------------------+-------+-------++-------
Melee: War axe           |   113 |    22 ||   135
  Use: Scroll            |     1 |     1 ||     2
Armor: Scale mail        |    68 |    13 ||    81
Dodge: Dodged            |    71 |    14 ||    85
